 Dungeon Sprint DCSS version 0.24.0 (webtiles) character file.

Game seed: 18296880144611941752, levelgen mode: deterministic

1507 TheOrbIsALie the Grappler (level 8, -1/54 HPs)
             Began as a Gargoyle Transmuter on May 8, 2020.
             Was a Priest of Okawaru.
             Slain by a manticore (17 damage)
             ... in the Dungeon (Sprint VII: "The Pits").
             The game lasted 00:03:00 (818 turns).

TheOrbIsALie the Grappler (Gargoyle Transmuter)      Turns: 818, Time: 00:03:00

Health: -1/54      AC: 13    Str: 14    XL:     8   Next: 82%
Magic:  9/20       EV: 14    Int: 14    God:    Okawaru [***...]
Gold:   0          SH:  0    Dex: 12    Spells: 17/23 levels left

rFire    . . .     SeeInvis .     - Unarmed
rCold    + . .     Gourm    .   (shield currently unavailable)
rNeg     + . .     Faith    .   o - +3 ring mail {rC+}
rPois    ∞         Spirit   .   (no helmet)
rElec    +         Reflect  .   (no cloak)
rCorr    .         Harm     .   (gloves currently unavailable)
MR       .....     NoTele   +   (no boots)
Stlth    +.........             (no amulet)
HPRegen  0.18/turn              (no ring)
MPRegen  0.17/turn              (no ring)

@: blade hands, barbed spikes, very slightly contaminated
A: negative energy resistance 1, electricity resistance, unbreathing,
petrification resistance, rot immunity, AC +5
a: End Transformation, Heroism, Renounce Religion


You were in the Dungeon.
You worshipped Okawaru.
Okawaru was most pleased with you.
You were not hungry.
You had blades for hands.
You visited 1 branch

Inventory:

Missiles
 a - 12 arrows
Armour
 b - a +0 robe
 o - a +3 ring mail of cold resistance (worn)
Scrolls
 j - a scroll of blinking
 l - 3 scrolls of remove curse
 m - 5 scrolls of amnesia
 n - a scroll of summoning
Potions
 e - 6 potions of curing
 f - 6 potions of heal wounds
 g - a potion of haste
 h - 4 potions of magic
 i - 2 potions of berserk rage
 k - 2 potions of invisibility
 p - a potion of flight {unknown}
Comestibles
 c - 8 chunks of flesh
 d - 8 rations


   Skills:
 + Level 7.9 Fighting
 + Level 7.0 Dodging
 - Level 0.8 Stealth
 + Level 10.7 Unarmed Combat
 + Level 8.2 Spellcasting
 + Level 7.2 Transmutations


You had 17 spell levels left.
You knew the following spells:

 Your Spells              Type           Power        Failure   Level  Hunger
a - Beastly Appendage     Tmut           ####..       17%         1    None
b - Blade Hands           Tmut           ####......   78%         5    #####..

Your spell library contained the following spells:

 Spells                   Type           Power        Failure   Level  Hunger
 Sticks to Snakes         Tmut           ####....     21%         2    None
 Spider Form              Tmut/Pois      ###.......   58%         3    ##.....
 Ice Form                 Ice/Tmut       ###.....     87%         4    ####...


Dungeon Overview and Level Annotations

Branches:
Dungeon (1/1)

Altars:
Ashenzari
Cheibriados
Dithmenos
Elyvilon
Fedhas
Gozag
Hepliaklqana
Kikubaaqudgha
Makhleb
Nemelex Xobeh
Okawaru
Qazlal
Ru
Sif Muna
Trog
Uskayaw
Vehumet
Wu Jian
Xom
Yredelemnul
Zin
The Shining One
Beogh
Jiyva
Lugonu


Innate Abilities, Weirdness & Mutations

You are resistant to torment.
Your stone body is resilient. (AC +5)
You are immune to poison.
You resist negative energy. (rN+)
You are resistant to electric shocks. (rElec)
You can survive without breathing.
You are immune to petrification.
You are immune to rotting.


Message History

The barbed spikes become lodged in your body.
Unknown command.
You shred the giant cockroach!!!
You kill the giant cockroach!
Okawaru accepts your kill.
Unknown command.
Unknown command.
The barbs in your skin will harm you if you move.
Continue?
The barbed spikes dig painfully into your body as you move.
* * * LOW HITPOINT WARNING * * *
The manticore barely misses you. The manticore misses you.
The manticore closely misses you.
There is an open door, spattered with blood here.
Items here: ) [ †† a +0 troll leather armour; a +0 flail; a giant cockroach corpse; a troll corpse Unknown command.
You slice the manticore!!
The manticore is severely wounded.
The manticore bites you!
You die...

#÷#........##.......#
#)#........##.......#
#)###########.......#
#.......#..##########
#...#...#.######
#...#...#)#....#
#)##.##.#'#....#
#...#...#H'....+
#...#...#@#....#
#.......'.#....#
################


You could see a manticore.

Vanquished Creatures
  A gargoyle (D)
  A troll (D)
  Sigmund (D)
  A hungry ghost (D)
  2 floating eyes (D)
  3 necrophages (D)
  A phantom (D)
  A gnoll sergeant (D)
  A scorpion (D)
  An iron imp (D)
  4 gnolls (D)
  2 leopard geckos (D)
  2 orcs (D)
  A bat (D)
  A giant cockroach (D)
  A hobgoblin (D)
  2 kobolds (D)
  A ball python (D)
27 creatures vanquished.

Notes
Turn   | Place    | Note
-------+----------+-------------------------------------------
     0 | D        | TheOrbIsALie the Gargoyle Transmuter began the quest for
                  | the Orb.
     0 | D        | Reached XP level 1. HP: 12/12 MP: 3/3
    51 | D        | Found a bloodstained altar of Trog.
    51 | D        | Found a shimmering blue altar of Sif Muna.
    51 | D        | Found a viscous altar of Jiyva.
    51 | D        | Found a hazy altar of Hepliaklqana.
    51 | D        | Found an opulent altar of Gozag.
    52 | D        | Found a glowing golden altar of the Shining One.
    52 | D        | Found a glowing silver altar of Zin.
    52 | D        | Found a basalt altar of Yredelemnul.
    52 | D        | Found a shimmering altar of Xom.
    52 | D        | Found an ornate altar of the Wu Jian Council.
    52 | D        | Found a sacrificial altar of Ru.
    52 | D        | Found a stormy altar of Qazlal.
    52 | D        | Found an iron altar of Okawaru.
    52 | D        | Found a sparkling altar of Nemelex Xobeh.
    52 | D        | Found a burning altar of Makhleb.
    52 | D        | Found a blossoming altar of Fedhas.
    52 | D        | Found a white marble altar of Elyvilon.
    52 | D        | Found a shadowy altar of Dithmenos.
    52 | D        | Found a snail-covered altar of Cheibriados.
    55 | D        | Found a corrupted altar of Lugonu.
    55 | D        | Found a radiant altar of Vehumet.
    55 | D        | Found a roughly hewn altar of Beogh.
    56 | D        | Found an ancient bone altar of Kikubaaqudgha.
    56 | D        | Found a hide-covered altar of Uskayaw.
    56 | D        | Found a shattered altar of Ashenzari.
    60 | D        | Became a worshipper of Warmaster Okawaru
   179 | D        | Noticed a floating eye
   185 | D        | Reached XP level 2. HP: 15/16 MP: 3/5
   189 | D        | Paralysed by a floating eye for 2 turns
   194 | D        | Paralysed by a floating eye for 3 turns
   197 | D        | Killed a floating eye
   197 | D        | Reached * piety under Okawaru
   197 | D        | Reached skill level 6 in Unarmed Combat
   197 | D        | Reached XP level 3. HP: 19/20 MP: 4/8
   197 | D        | Reached XP level 4. HP: 24/25 MP: 5/10
   235 | D        | Noticed a phantom
   239 | D        | Reached skill level 7 in Unarmed Combat
   275 | D        | Killed a phantom
   275 | D        | Reached skill level 8 in Unarmed Combat
   275 | D        | Reached skill level 5 in Spellcasting
   275 | D        | Reached XP level 5. HP: 12/30 MP: 9/12
   283 | D        | Learned a level 5 spell: Blade Hands
   455 | D        | Noticed a necrophage
   470 | D        | Reached XP level 6. HP: 37/37 MP: 12/14
   473 | D        | Killed a necrophage
   473 | D        | Reached skill level 5 in Transmutations
   514 | D        | Noticed a hungry ghost
   514 | D        | Noticed a necrophage
   529 | D        | Killed a hungry ghost
   529 | D        | Reached ** piety under Okawaru
   529 | D        | Reached skill level 5 in Fighting
   529 | D        | Reached skill level 5 in Dodging
   529 | D        | Reached skill level 9 in Unarmed Combat
   529 | D        | Reached XP level 7. HP: 38/44 MP: 12/16
   746 | D        | Noticed a gargoyle
   751 | D        | Killed a gargoyle
   751 | D        | Reached *** piety under Okawaru
   751 | D        | Reached skill level 10 in Unarmed Combat
   751 | D        | Reached XP level 8. HP: 51/52 MP: 16/19
   769 | D        | Noticed Sigmund
   770 | D        | Paralysed by a floating eye for 4 turns
   776 | D        | Killed Sigmund
   777 | D        | Paralysed by a floating eye for 2 turns
   784 | D        | Paralysed by a floating eye for 4 turns
   807 | D        | Noticed a manticore
   807 | D        | Noticed a troll
   815 | D        | Killed a troll
   818 | D        | Slain by a manticore

Levels and vault maps discovered:
D:        pitsprint [storerooms_1, entrance_room_1, metal_vault_7, armoury_3,
          mini_pit_1, grid_room_1, main_hall_1, silver_pit, the_coven_3,
          the_vestibule_1, steel_vault_1, golden_pit, hallway_of_sentries,
          crystal_vault_1, iron_vault_4, final_vault]
